 Dungeon Crawl Stone Soup version 0.27-a0-1191-g601b473118 (webtiles) character file.

Game seed: 8831768059823323706

79 jasper the Conjurer (level 4, -10/36 HPs)
             Began as a Deep Elf Hedge Wizard on May 23, 2021.
             Mangled by Sigmund
             ... wielding a +4 vampiric scythe
              (11 damage)
             ... on level 2 of the Dungeon.
             The game lasted 00:04:02 (1842 turns).

jasper the Conjurer (Deep Elf Hedge Wizard)         Turns: 1842, Time: 00:04:03

Health: -10/36     AC: 22    Str:  7    XL:     4   Next: 16%
Magic:  1/12       EV:  2    Int: 20    God:
Gold:   69         SH:  0    Dex: 14    Spells: 2/11 levels left

rFire    . . .     SeeInvis .   i - +4 dagger
rCold    . . .     Faith    .   (no shield)
rNeg     + + +     Spirit   .   (armour currently unavailable)
rPois    +         Reflect  .   (helmet currently unavailable)
rElec    .         Harm     .   (cloak currently unavailable)
rCorr    .         Rampage  .   (gloves currently unavailable)
Will     .....     NoTele   +   (boots currently unavailable)
Stlth    ++........             (no amulet)
HPRegen  0.12/turn              (no ring)
MPRegen  0.13/turn              (no ring)

@: tree-form (expiring), very slightly contaminated, hasted, very quick
A: stationary, stasis, torment immunity, boosted hp
a: no special abilities


You were on level 2 of the Dungeon.
You were a tree.
You visited 1 branch of the dungeon, and saw 2 of its levels.

You collected 69 gold pieces.

Inventory:

Hand Weapons
 a - a +0 dagger
 i - a +4 dagger (weapon)
 l - a +0 dagger of holy wrath
Missiles
 j - 10 poisoned darts
Armour
 b - a +0 robe (melded)
 c - a +0 hat (melded)
Jewellery
 o - a +6 ring of dexterity
Scrolls
 g - 4 scrolls of identify {unknown}
 h - a scroll of noise {unknown}
 k - a scroll of amnesia {unknown}
 m - a scroll of fear {unknown}
 n - 3 scrolls of enchant weapon {unknown}


   Skills:
 - Level 2.4 Dodging
 - Level 2.4 Stealth
 - Level 4.4 Spellcasting
 + Level 4.5 Conjurations
 - Level 1.1 Summonings
 - Level 1.1 Translocations


You had 2 spell levels left.
You knew the following spells:

 Your Spells              Type           Power      Damage    Failure   Level
a - Magic Dart            Conj           88%        1d7       1%          1
b - Blink                 Tloc           N/A        N/A       12%         2
c - Call Imp              Summ           8%         N/A       12%         2
d - Slow                  Hex            4%         N/A       19%         2
e - Apportation           Tloc           16%        N/A       8%          1
f - Animate Skeleton      Necr           8%         N/A       12%         1

Your spell library contained the following spells:

 Spells                   Type           Power      Damage    Failure   Level
 Summon Small Mammal      Summ           32%        N/A       8%          1
 Corona                   Hex            4%         N/A       12%         1
 Conjure Flame            Conj/Fire      13%        6-21      14%         3
 Mephitic Cloud           Conj/Pois/Air  10%        N/A       21%         3


Dungeon Overview and Level Annotations

Branches:
Dungeon (2/15)

Altars:

Annotations:
D:2 Sigmund


Message History

A beastly little devil appears in a puff of frigid air.
Something hits you.
* * * LOW HITPOINT WARNING * * *
You take 5 damage, and have 8/36 hp.
You now have 6/12 mp.
Casting: Call Imp (safe; 12% risk of failure)
Confirm with . or Enter, or press ? or * to list all spells.
A metallic apparition takes form in the air.
You now have 4/12 mp.
Casting: Call Imp (safe; 12% risk of failure)
Confirm with . or Enter, or press ? or * to list all spells.
A beastly little devil appears in a puff of flame.
Your crimson imp disappears in a puff of smoke!
Something hits you but does no damage.
You now have 2/12 mp.
Casting: Call Imp (safe; 12% risk of failure)
Confirm with . or Enter, or press ? or * to list all spells.
Okay, then.
Something hits you.
* * * LOW HITPOINT WARNING * * *
You take 5 damage, and have 3/36 hp.
You aren't carrying any potions.
Unknown command.
Your iron imp disappears in a puff of smoke!
Something hits you.
* * * LOW HITPOINT WARNING * * *
You take 1 damage, and have 3/36 hp.
Something hits you.
* * * LOW HITPOINT WARNING * * *
You take 2 damage, and have 1/36 hp.
A magic dart appears from out of thin air!
The magic dart hits your iron imp. Something hits you but does no damage.
Casting: Call Imp (safe; 12% risk of failure)
Confirm with . or Enter, or press ? or * to list all spells.
You miscast Call Imp.
You are very lightly contaminated with residual magic.
Nothing appears to happen.
You now have 1/12 mp.
Something hits you!
You die...

.......##.........#..# ##.##.##.#
.....^....######.##..###...#.(...
#########.# #.##.............#
#.# #.##.####...###### #.#
##.##.# ##.## #.# #.....# #)# #.#
#..###### #†# #.#####.5##...# #.#
#......5♣.....###.# ##
############..5........#
.###...## #.##{####### .##.....##
#........@.# .#.......#
####.#####.# .'....)..# #.#
##.#.### .#.......# #.# #.###..
.##.....## ####.###..#.###
.###...## #........#.#


You could see a friendly iron imp (summoned), a friendly crimson imp (summoned)
and a friendly white imp (summoned).

Vanquished Creatures
  Jessica (D:2)
  An adder (D:2)
  3 dart slugs
  2 ball pythons (D:2)
  4 bats
  2 giant cockroaches
  3 goblins
  3 hobgoblins (D:1)
  3 jackals (D:1)
  3 kobolds (D:2)
  2 quokkas (D:2)
  3 frilled lizards
  4 rats
34 creatures vanquished.

Vanquished Creatures (collateral kills)
  A worm (D:2)
1 creature vanquished.

Grand Total: 35 creatures vanquished

Notes
Turn   | Place    | Note
-------+----------+-------------------------------------------
     0 | D:1      | jasper the Deep Elf Hedge Wizard began the quest for the
                  | Orb.
     0 | D:1      | Reached XP level 1. HP: 10/10 MP: 7/7
   298 | D:1      | Found a faded altar of an unknown god.
   305 | D:1      | Reached XP level 2. HP: 15/15 MP: 5/9
   308 | D:1      | Learned a level 2 spell: Blink
   311 | D:1      | Learned a level 2 spell: Call Imp
   314 | D:1      | Learned a level 2 spell: Slow
   791 | D:1      | Learned a level 1 spell: Apportation
   793 | D:1      | Learned a level 1 spell: Animate Skeleton
  1099 | D:2      | Reached XP level 3. HP: 19/19 MP: 3/10
  1577 | D:2      | Noticed Jessica
  1585 | D:2      | Killed Jessica
  1586 | D:2      | Reached XP level 4. HP: 24/24 MP: 6/12
  1771 | D:2      | Noticed Sigmund
  1837 | D:2      | HP: 1/36 [something (2)]
  1842 | D:2      | Mangled by Sigmund

Illustrated notes

Levels and vault maps discovered:
D:1:      minmay_arrival_up_and_down, layout_basic,
          shapermc_ecumenical_altar_flowoftime
D:2:      kennysheep_six_static_rooms, layout_loops_ring, uniq_jessica,
          uniq_sigmund

Skill      XL: |  1  2  3 |
---------------+----------+-----
Conjurations   | 2 3 4 |  4.5
Dodging        | |  2.4
Stealth        | |  2.4
Spellcasting   | |  4.4
Summonings     | |  1.1
Translocations | |  1.1

Action                   |  1- 3 |  4- 6 || total
-------------------------+-------+-------++-------
Melee: Dagger            |     1 |       ||     1
 Cast: Magic Dart        |    88 |     7 ||    95
       Call Imp          |       |     8 ||     8
  Use: Potion            |       |     4 ||     4
Armor: Robe              |     3 |       ||     3
       Skin              |       |     8 ||     8
Dodge: Dodged            |     9 |     6 ||    15

Table legend: (Time is in decaauts)
 A = Elapsed time spent in this place.
 B = Non-inter-level travel time spent in this place.
 C = Inter-level travel time spent in this place.
 D = Time resting spent in this place.
 E = Time spent auto-exploring this place.
 F = Levels seen in this place.
 G = Mean time per level.
                   A        B        C        D        E       F      G
               +--------+--------+--------+--------+--------+-----+--------+
         Total |   1842 |   1807 |     35 |    162 |   1354 |   2 |  921.0 |
       Dungeon |   1842 |   1807 |     35 |    162 |   1354 |   2 |  921.0 |
               +--------+--------+--------+--------+--------+-----+--------+

Top non-repeatable levels by time:
     D:1: 980 daAuts
     D:2: 862 daAuts
